 Dungeon Crawl Stone Soup version 0.27-a0-1228-gfd60fd639a (webtiles) character file.

Game seed: 13386684705306126219

208 gruber the Insei (level 6, -2/42 HPs)
             Began as a Djinni Transmuter on June 7, 2021.
             Slain by a hobgoblin
             ... wielding a +0 short sword
              (7 damage)
             ... on level 4 of the Dungeon.
             The game lasted 00:03:51 (4547 turns).

gruber the Insei (Djinni Transmuter)                Turns: 4547, Time: 00:03:52

Health: -2/42      AC:  2    Str:  9    XL:     6   Next: 11%
Gold:   161        EV: 23    Int: 17    God:
                   SH:  0    Dex: 18

rFire    x . .     SeeInvis .     - Unarmed
rCold    + . .     Faith    .   (shield currently unavailable)
rNeg     . . .     Spirit   .   (armour currently unavailable)
rPois    ∞         Reflect  .   (helmet currently unavailable)
rElec    .         Harm     .   (cloak currently unavailable)
rCorr    .         Rampage  .   (gloves currently unavailable)
Will     .....                  (boots unavailable)
Stlth    ++........             (no amulet)
HPRegen  0.14/turn              m - +4 ring of evasion
MPRegen  0.00/turn              f - ring of ice

@: spider-form, flying
A: venomous fangs, flying, sickness immunity, tiny, (fire resistance 2), (cold
vulnerability 1), float, innate caster, hp casting, extra vitality 1
a: End Transformation


You were on level 4 of the Dungeon.
You were a venomous arachnid creature.
You visited 1 branch of the dungeon, and saw 4 of its levels.

You collected 161 gold pieces.

Inventory:

Armour
 a - a +0 robe (melded)
 g - a +1 helmet (melded)
 i - a +0 buckler (melded)
 l - a scarf of repulsion (melded)
Jewellery
 f - a ring of ice (right front leg)
 m - a +4 ring of evasion (left front leg)
Scrolls
 c - a scroll of acquirement {unknown}
 d - 5 scrolls of identify {unknown}
 e - a scroll of fog {unknown}
 h - 2 scrolls of vulnerability {unknown}
 j - a scroll of teleportation {unknown}
 n - a scroll of fear {unknown}
 o - 2 scrolls of enchant weapon {unknown}
 p - a scroll of amnesia {unknown}
Potions
 b - 2 potions of curing {unknown}
 k - a potion of haste {unknown}
 q - a potion of magic {unknown}


   Skills:
 - Level 1.0 Fighting
 - Level 2.1 Dodging
 * Level 1.7 Shields
 - Level 6.0 Unarmed Combat
 - Level 1.5 Spellcasting


You couldn't memorise any spells.
You knew the following spells:

 Your Spells              Type           Power      Damage    Failure   Level
a - Beastly Appendage     Tmut           12%        N/A       26%         1
b - Wereblood             Tmut           6%         N/A       34%         2
c - Spider Form           Tmut/Pois      3%         N/A       54%         3
d - Ice Form              Ice/Tmut       9%         N/A       87%         4
e - Hydra Form            Tmut           3%         N/A       99%         5
f - Animate Skeleton      Necr           12%        N/A       26%         1
g - Static Discharge      Conj/Air       6%         N/A       34%         2
Your spell library was empty.

Dungeon Overview and Level Annotations

Branches:
Dungeon (4/15)
 Temple: D:4-7

Altars:
Fedhas

Shops:
D:4 [:

Annotations:
D:4 Duvessa


Innate Abilities, Weirdness & Mutations

You are a venomous arachnid creature.
You have poisonous fangs.
You are tiny and dextrous.
You are flying.
Your spellcasting is less reliable in this form.
Your armour is entirely melded.
You are incapable of wielding weapons or throwing items.
You are immune to sickness and miasma.
You are immune to poison.
((Your flesh is very heat resistant. (rF++)))
((You are vulnerable to cold. (rC-)))
You float through the air rather than walking.
You learn spells naturally, not from books.
Your magical power is your life essence.
You have superior vitality. (+4 HP)


Message History

Duvessa hits you with a +4 short sword of venom.
You hit Duvessa.
Duvessa is moderately wounded.
Duvessa closely misses you.
You hit Duvessa.
Duvessa is poisoned.
Duvessa is heavily wounded.
Duvessa completely misses you.
You hit Duvessa.
Duvessa looks as sick as possible!
Duvessa is heavily wounded.
A goblin comes into view. It is wielding a +0 club.
The goblin shouts!
You hit Duvessa.
Duvessa is heavily wounded.
Duvessa misses you. Something hits you.
You hit Duvessa but do no damage.
Duvessa is severely wounded.
Duvessa says, "When magic and the sword combine, nothing stands against them."
Duvessa hits you with a +4 short sword of venom!
Something hits you.
You are too injured to fight recklessly!
You hit something.
Your transformation has ended.
Your scarf of repulsion unmelds from your body.
Your +1 helmet unmelds from your body.
Your +0 buckler unmelds from your body.
Your +0 robe unmelds from your body.
You are surrounded by a repulsion field.
Duvessa barely misses you. Something hits you.
Casting: Spider Form (quite dangerous; 38% risk of failure)
Confirm with . or Enter, or press ? or * to list all spells.
The spell is quite dangerous to cast (38% risk of failure)!
Continue anyway?
You turn into a venomous arachnid creature.
Your scarf of repulsion melds into your body.
Your +1 helmet melds into your body.
Your +0 buckler melds into your body.
Your +0 robe melds into your body.
The haze of the repulsion field disappears.
* * * LOW HITPOINT WARNING * * *
Duvessa hits you with a +4 short sword of venom.
* * * LOW HITPOINT WARNING * * *
Something hits you!
You die...

P.. ##......######.......... ##.#
...............................##
.......(.....#....... .......
.....#.##....#...............
....####............ ........
.................... ........
.♣.♣.♣.............. ...#....
.#.∩............... . .....
.♣.♣..#...s....... #.....
#.#...#....e......
.♣.♣........g.....
#.∩...#...........
.♣.♣..##..###..... ... #.## .....
.. .. .... ... ....


You could see Duvessa (extremely poisoned) and a goblin.

Vanquished Creatures
  A hound (D:4)
  Jessica (D:3)
  Terence (D:3)
  2 adders (D:3)
  4 worms
  4 dart slugs
  6 orcs
  8 endoplasms
  4 giant cockroaches (D:1)
  7 goblins
  2 hobgoblins
  12 jackals
  4 kobolds
  A quokka (D:2)
  A ball python (D:3)
  7 bats
  5 frilled lizards
  4 rats
74 creatures vanquished.

Vanquished Creatures (collateral kills)
  An adder (D:3)
1 creature vanquished.

Grand Total: 75 creatures vanquished

Notes
Turn   | Place    | Note
-------+----------+-------------------------------------------
     0 | D:1      | gruber the Djinni Transmuter began the quest for the Orb.
     0 | D:1      | Reached XP level 1. HP: 17/17 MP: 0/0
   352 | D:1      | Reached XP level 2. HP: 20/22 MP: 0/0
   941 | D:1      | Reached skill level 4 in Unarmed Combat
   941 | D:1      | Reached XP level 3. HP: 13/27 MP: 0/0
   941 | D:1      | Learned a level 1 spell: Animate Skeleton
  2070 | D:2      | Reached XP level 4. HP: 27/32 MP: 0/0
  2808 | D:2      | Found a faded altar of an unknown god.
  2886 | D:3      | Noticed Jessica
  2913 | D:3      | Reached skill level 5 in Unarmed Combat
  2921 | D:3      | Killed Jessica
  2922 | D:3      | Reached XP level 5. HP: 16/37 MP: 0/0
  2922 | D:3      | Learned a level 2 spell: Static Discharge
  3939 | D:3      | Noticed Terence
  3947 | D:3      | Killed Terence
  4080 | D:3      | Reached skill level 6 in Unarmed Combat
  4268 | D:4      | Found a blossoming altar of Fedhas.
  4529 | D:4      | Found Pimpeiv's Antique Armour Emporium.
  4531 | D:4      | Found Qed Omi's Book Emporium.
  4536 | D:4      | Reached skill level 1 in Shields
  4536 | D:4      | Reached XP level 6. HP: 40/42 MP: 0/0
  4536 | D:4      | Noticed Duvessa
  4547 | D:4      | Slain by a hobgoblin

Illustrated notes

Levels and vault maps discovered:
D:1:      dpeg_arrival_shelter, layout_basic, st_stairs_7,
          minmay_misc_feat_plants
D:2:      layout_loops_cross, shapermc_ecumenical_altar_notcrosses
D:3:      layout_loops_cross, uniq_terence, uniq_jessica
D:4:      layout_cave_pools, fedhas_altar_1, gup_sewer_entry_glass,
          minmay_shop_grid_forest, uniq_duvessa

Skill      XL: |  1  2  3  4  5 |
---------------+----------------+-----
Unarmed Combat | 4 5 6 |  6.0
Shields        | 1 |  1.7
Fighting       | |  1.0
Dodging        | |  2.1
Spellcasting   | |  1.5

Action                   |  1- 3 |  4- 6 || total
-------------------------+-------+-------++-------
Melee: Unarmed           |   126 |   174 ||   300
       Headbutt          |    12 |    15 ||    27
       Punch             |       |     2 ||     2
 Cast: Beastly Appendage |    14 |    14 ||    28
       Wereblood         |     1 |     3 ||     4
       Spider Form       |       |     3 ||     3
       Animate Skeleton  |       |     2 ||     2
 Stab: Sleeping          |       |     1 ||     1
Armor: Robe              |    30 |    29 ||    59
Dodge: Dodged            |    74 |   111 ||   185
       Repelled          |       |     1 ||     1
Block: Buckler           |       |     2 ||     2

Table legend: (Time is in decaauts)
 A = Elapsed time spent in this place.
 B = Non-inter-level travel time spent in this place.
 C = Inter-level travel time spent in this place.
 D = Time resting spent in this place.
 E = Time spent auto-exploring this place.
 F = Levels seen in this place.
 G = Mean time per level.
                   A        B        C        D        E       F      G
               +--------+--------+--------+--------+--------+-----+--------+
         Total |   4520 |   4443 |     77 |      0 |   3876 |   4 | 1130.0 |
       Dungeon |   4520 |   4443 |     77 |      0 |   3876 |   4 | 1130.0 |
               +--------+--------+--------+--------+--------+-----+--------+

Top non-repeatable levels by time:
     D:1: 1843 daAuts
     D:3: 1379 daAuts
     D:2: 1021 daAuts
     D:4: 276 daAuts
